 Dungeon Crawl Stone Soup version 0.18-a0-1435-gee79d65 (webtiles) character file.

1229 M4edhros the Nimble (level 8, -6/50 HPs)
             Began as an Octopode Hunter on Feb 29, 2016.
             Mangled by a scorpion (10 damage)
             ... on level 6 of the Dungeon.
             The game lasted 00:10:31 (6335 turns).

M4edhros the Nimble (Octopode Hunter)               Turns: 6335, Time: 00:10:31

Health: -6/50      AC:  1    Str:  9 (11) XL:     8   Next: 48%
Magic:  8/8        EV: 16    Int: 12 (14) God:    Xom [.*....]
Gold:   36         SH:  0    Dex: 13 (14) Spells: 0 memorised, 7 levels left

rFire  . . .     SeeInvis .     n - +1 dagger (chaos) (curse)
rCold  . . .     Gourm    .     g - +1 buckler
rNeg   . . .     Faith    +     (helmet restricted)
rPois  .         Spirit   .     k - amulet of faith (curse)
rElec  .         Dismiss  .     h - ring of teleportation
rCorr  .         Reflect  .     (no ring)
SustAt .         Harm     .     (no ring)
MR     .....     Rnd*Tele +     (no ring)
Stlth  ++........               (no ring)
                                (no ring)
                                (no ring)
                                (no ring)

@: confused, lethally poisoned (-6 -> -14), not resistant to hostile
enchantments, unstealthy
A: almost no armour, amphibious, 8 rings, constrict 8, camouflage 1, gelatinous
body 1
a: Renounce Religion


You were on level 6 of the Dungeon.
You worshipped Xom.
You were a plaything of Xom.
You were not hungry.

You visited 1 branch of the dungeon, and saw 6 of its levels.

You collected 308 gold pieces.
You spent 272 gold pieces at shops.

Inventory:

Hand Weapons
 a - a +1 hunting sling
 b - a +0 short sword
 n - a cursed +1 dagger of chaos (weapon)
Missiles
 c - 46 sling bullets
 m - 135 stones (quivered)
Armour
 g - a +1 buckler (worn)
Jewellery
 h - a ring of teleportation (left tentacle)
 i - an uncursed ring of ice
 k - a cursed amulet of faith (around mantle)
 r - an uncursed amulet of dismissal
Scrolls
 j - a scroll of immolation
 s - a scroll of teleportation
 v - a scroll of remove curse
Potions
 f - 2 potions of brilliance
Miscellaneous
 t - a phantom mirror
Comestibles
 d - 3 bread rations
 l - 3 meat rations
 o - 4 fruits
 q - 17 royal jellies


   Skills:
 - Level 2.0 Fighting
 + Level 6.8 Slings
 * Level 8.5 Dodging
 - Level 1.3 Stealth


You had 7 spell levels left.
You didn't know any spells.

Dungeon Overview and Level Annotations

Branches:
Dungeon (6/15)             Temple (0/1) D:5

Altars:
Dithmenos
Okawaru
Trog
Xom
Zin
The Shining One

Shops:
D:6 !!

Annotations:
D:4 Grinder


Innate Abilities, Weirdness & Mutations

You cannot wear most types of armour.
You are amphibious.
You can wear up to eight rings at the same time.
You can use your tentacles to constrict eight enemies at once.
Your skin changes colour to match your surroundings (Stealth).
Your rubbery body absorbs attacks (AC +1).


Message History

Press: ? - help, Dir - move target cursor, f - scorpion
Aim: a scorpion (heavily wounded, constricted by you)
Okay, then.
Read which item? (? for menu, Esc to quit)
Okay, then.
Drink which item? (? for menu, Esc to quit)
You are confused.
You feel invigorated.
You constrict the scorpion.
You feel sick. The giant frog hits you!
* * * LOW HITPOINT WARNING * * *
The scorpion misses you. The adder zombie bites you.
* * * LOW HITPOINT WARNING * * *
The orc misses you. The giant frog hits you.
* * * LOW HITPOINT WARNING * * *
Unknown command.
You release your grip on the scorpion.
* * * LOW HITPOINT WARNING * * *
You feel sick. The adder zombie closely misses you. The scorpion stings you!
You die...
Xom giggles madly!

####
##...##
##.....##
#s@.....#
#.Z5....+
#oF.....#
##.....##
#####
##...##
##[.[#
####
##..../
#......
+......
#......


You could see a giant frog, a scorpion, a crimson imp, an orc and an adder
zombie.

Vanquished Creatures
  A hippogriff (D:5)
  Duvessa (D:6)
  An orc warrior (D:6)
  2 ogres
  A giant frog (D:6)
  Dowan (D:6)
  A hound (D:4)
  An orc wizard (D:4)
  An iguana (D:4)
  Natasha (twice) (D:4)
  3 worker ants
  A killer bee zombie (D:5)
  2 howler monkey skeletons
  6 adders
  An adder zombie (D:5)
  2 worms
  3 dart slugs
  2 giant geckos
  20 orcs
  2 ball pythons
  4 giant cockroaches
  10 goblins
  7 hobgoblins
  3 jackals
  5 quokkas
  6 bats
  A giant gecko zombie (D:6)
  9 giant newts
  5 kobolds
  5 rats
109 creatures vanquished.

Vanquished Creatures (collateral kills)
  Edmund (D:4)
  An ice beast (D:4)
  Natasha (D:5)
  A giant gecko (D:4)
  An orc (D:4)
  A jackal (D:4)
6 creatures vanquished.

Vanquished Creatures (others)
  A scorpion (D:5)
  2 orc wizards (D:6)
  5 orcs (D:6)
8 creatures vanquished.

Grand Total: 123 creatures vanquished

Notes
Turn   | Place    | Note
--------------------------------------------------------------
     0 | D:1      | M4edhros the Octopode Hunter began the quest for the Orb.
     0 | D:1      | Reached XP level 1. HP: 14/14 MP: 1/1
   136 | D:1      | Reached XP level 2. HP: 19/19 MP: 2/2
   631 | D:2      | Reached skill level 3 in Dodging
   652 | D:2      | Reached XP level 3. HP: 11/24 MP: 3/3
  1684 | D:3      | Reached XP level 4. HP: 25/29 MP: 4/4
  1925 | D:3      | Reached skill level 4 in Dodging
  1981 | D:3      | Found a glowing golden altar of the Shining One.
  2154 | D:3      | Found a shimmering altar of Xom.
  2369 | D:3      | Became a worshipper of Xom the Capricious
  2545 | D:3      | XOM: divination: detect creatures
  2617 | D:3      | XOM: harmless Erth miscast
  2790 | D:3      | XOM: divination: detect creatures
  3160 | D:4      | XOM: harmless Ice miscast
  3167 | D:4      | Reached XP level 5. HP: 23/34 MP: 5/5
  3377 | D:4      | Noticed Natasha
  3382 | D:4      | Killed Natasha
  3440 | D:4      | XOM: silly message
  3449 | D:4      | Noticed Natasha
  3455 | D:4      | Killed Natasha
  3560 | D:4      | Noticed an ice beast
  3564 | D:4      | XOM: potion effect (might)
  3574 | D:4      | XOM: potion effect (curing)
  3623 | D:4      | Killed an ice beast
  3623 | D:4      | Reached skill level 5 in Slings
  3623 | D:4      | Reached skill level 5 in Dodging
  3623 | D:4      | Reached XP level 6. HP: 32/39 MP: 6/6
  3712 | D:4      | Found a glowing silver altar of Zin.
  3750 | D:4      | Found an iron altar of Okawaru.
  3757 | D:4      | Found a shadowy altar of Dithmenos.
  4039 | D:4      | Reached skill level 6 in Dodging
  4108 | D:4      | XOM: harmless Hex miscast
  4121 | D:4      | XOM: butterfly on damage
  4122 | D:4      | Reached XP level 7. HP: 27/45 MP: 7/7
  4156 | D:4      | Noticed Grinder
  4167 | D:4      | Noticed Edmund
  4190 | D:4      | XOM: destruction
  4193 | D:4      | XOM: summons 7 friendly demons
  4211 | D:4      | Killed Edmund
  4247 | D:4      | XOM: enchant monster (bad)
  4699 | D:4      | XOM: cast spell 'Hydra Form'
  4706 | D:4      | XOM: colour smoke trail
  4740 | D:4      | XOM: noise
  4872 | D:5      | Entered Level 5 of the Dungeon
  4954 | D:5      | XOM: enchant monster (good)
  4963 | D:5      | Noticed Natasha
  4967 | D:5      | Noticed a hippogriff
  4969 | D:5      | Killed Natasha
  4980 | D:5      | XOM: mild Fire miscast
  4982 | D:5      | XOM: harmless Air miscast
  4989 | D:5      | HP: 2/45 [poisoned by a scorpion]
  4993 | D:5      | Killed a hippogriff
  4993 | D:5      | Reached skill level 7 in Dodging
  4995 | D:5      | HP: 2/45 [poisoned by a scorpion]
  5001 | D:5      | HP: 1/45 [poisoned by a scorpion]
  5032 | D:5      | XOM: noise
  5309 | D:5      | XOM: medium Trmt miscast
  5565 | D:5      | XOM: potion effect (agility)
  5569 | D:5      | XOM: mild Summ miscast
  5591 | D:5      | Found a bloodstained altar of Trog.
  5618 | D:5      | Reached XP level 8. HP: 26/50 MP: 8/8
  5651 | D:5      | Found a staircase to the Ecumenical Temple.
  5827 | D:5      | XOM: mild Trmt miscast
  6048 | D:5      | XOM: medium Hex miscast
  6056 | D:6      | Found Huiq's Distillery.
  6062 | D:6      | Bought a potion of berserk rage for 60 gold pieces
  6062 | D:6      | Bought a potion of curing for 36 gold pieces
  6062 | D:6      | Bought a potion of curing for 36 gold pieces
  6070 | D:6      | Found Atamess's Distillery.
  6080 | D:6      | Bought a potion of heal wounds for 70 gold pieces
  6080 | D:6      | Bought a potion of heal wounds for 70 gold pieces
  6080 | D:6      | Noticed Dowan
  6083 | D:6      | XOM: smoke on damage
  6084 | D:6      | XOM: harmless Hex miscast
  6085 | D:6      | Noticed Duvessa
  6086 | D:6      | XOM: enchant monster (bad)
  6089 | D:6      | XOM: chaos upgrade
  6094 | D:6      | XOM: confusion (+ monsters)
  6098 | D:6      | Killed Duvessa
  6102 | D:6      | Killed Dowan
  6102 | D:6      | Reached skill level 8 in Dodging
  6230 | D:6      | XOM: swap monsters
  6231 | D:6      | XOM: divine lightning (protected)
  6234 | D:6      | XOM: smoke on damage
  6235 | D:6      | XOM: god gift: 17 royal jellies
  6267 | D:6      | XOM: 2-stop teleportation journey
  6275 | D:6      | XOM: cast spell 'Statue Form'
  6334 | D:6      | HP: 2/50 [giant frog (4)]
  6335 | D:6      | Mangled by a scorpion

Vault maps used:
D:1:      mrwooster_arrival_arrow
D:2:      minmay_misc_feat_x
D:3:      tso_oasis_becter, lemuel_coloured_pillars_altar, first_bread,
          hex_large
D:4:      grunt_temple_overflow_open, serial_glass, glass_columns_c,
          glass_columns_a, glass_columns_b, glass_columns_b, glass_columns_a,
          glass_columns_a, glass_columns_a, glass_columns_b, minmay_quantized,
          uniq_natasha, uniq_grinder, uniq_edmund
D:5:      kennysheep_big_flooded_room, minmay_temple_entry_glassed_door,
          trog_hazing_becter
D:6:      minmay_opposing_rooms, serial_shops, shop, kennysheep_little_box,
          shop, shop_statue, hangedman_abyss_or_decor_passed, led_sif_book,
          uniq_duvessa

Skill      XL: |  1  2  3  4  5  6  7  8 |
---------------+-------------------------+-----
Dodging        | 3 4 5 6 7 8 |  8.5
Slings         | 5 6 |  6.8
Fighting       | |  2.0
Stealth        | |  1.3

Action                   |  1- 3 |  4- 6 |  7- 9 || total
-------------------------+-------+-------+-------++-------
Melee: Short sword       |       |       |    50 ||    50
       Dagger            |       |       |    35 ||    35
 Fire: Hunting sling     |   103 |   184 |    81 ||   368
  Use: Scroll            |     2 |     4 |     3 ||     9
       Potion            |       |     2 |    13 ||    15
 Stab: Sleeping          |       |       |     5 ||     5
       Fleeing           |       |       |     1 ||     1
  Eat: Chunk             |     2 |     7 |     2 ||    11
       Meat ration       |       |       |     1 ||     1
       Pizza             |       |       |     1 ||     1
